 Dungeon Crawl Stone Soup version 0.28-a0-1447-ga5a8893891 (webtiles) character file.

Game seed: 12712351006316547468

263 shadowrider38 the Changer (level 6, -1/62 HPs)
             Began as an Ogre Transmuter on Jan 10, 2022.
             Slain by an orc priest (7 damage)
             ... on level 5 of the Dungeon.
             The game lasted 00:13:00 (5753 turns).

shadowrider38 the Changer (Ogre Transmuter)         Turns: 5753, Time: 00:13:06

Health: -1/62      AC:  3    Str: 15    XL:     6   Next: 19%
Magic:  9/9        EV:  9    Int: 16    God:
Gold:   124        SH:  0    Dex:  9    Spells: 8/9 levels left

rFire   + . .      SeeInvis .   a - +0 great sword
rCold   . . .      Faith    .   (shield currently unavailable)
rNeg    . . .      Spirit   .   b - +0 robe
rPois   .          Reflect  .   (helmet restricted)
rElec   .          Harm     .   (no cloak)
rCorr   .          Rampage  .   (gloves unavailable)
Will    +....                   (boots unavailable)
Stlth   +.........              f - amulet of regeneration
HPRegen 1.00/turn               i - ring of protection from fire
MPRegen 0.11/turn               q - ring of willpower

@: no status effects
A: large, unfitting armour, tough skin 1
a: no special abilities


You were on level 5 of the Dungeon.
You visited 1 branch of the dungeon, and saw 5 of its levels.

You collected 124 gold pieces.

Inventory:

Hand Weapons
 a - a +0 great sword (weapon)
 s - a +0 mace
Missiles
 g - a throwing net
 m - 42 poisoned darts
 n - 87 stones
Armour
 b - a +0 robe (worn)
 r - an orb of light
Jewellery
 f - an amulet of regeneration (around neck)
 i - a ring of protection from fire (left hand)
 q - a ring of willpower (right hand)
 t - a ring of positive energy
Scrolls
 c - 2 scrolls of enchant weapon {unknown}
 l - a scroll of teleportation
 o - a scroll of magic mapping
 p - 2 scrolls of enchant armour {unknown}
 u - a scroll of summoning {unknown}
 v - a scroll of holy word {unknown}
 w - a scroll of identify
Potions
 d - 5 potions of flight
 e - 2 potions of curing
 h - a potion of attraction
 j - a potion of lignification
 k - a potion of magic


   Skills:
 - Level 4.0 Fighting
 - Level 1.7 Dodging
 - Level 2.6 Unarmed Combat
 - Level 2.4 Spellcasting
 + Level 5.1 Transmutations


You had 8 spell levels left.
You knew the following spells:

 Your Spells              Type           Power      Damage    Failure   Level
a - Beastly Appendage     Tmut           36%        N/A       2%          1

Your spell library contained the following spells:

 Spells                   Type           Power      Damage    Failure   Level
 Wereblood                Tmut           18%        N/A       3%          2
 Spider Form              Tmut/Pois      10%        N/A       22%         3
 Ice Form                 Ice/Tmut       10%        N/A       56%         4


Dungeon Overview and Level Annotations

Branches:
Dungeon (5/15)
 Temple: D:4-7

Altars:

Shops:
D:2 ?

Annotations:
D:2 exclusion: downstairs
D:3 exclusion: upstairs
D:4 exclusion: upstairs


Innate Abilities, Weirdness & Mutations

You are too large for most types of armour.
You have tough skin. (AC +1)


Message History

You bump into the rock wall.
Something hits you. The orc barely misses you.
You bump into the rock wall.
Something hits you. The orc hits you but does no damage.
You bump into the rock wall.
Your transformation is almost over.
Something hits you but does no damage.
The orc priest invokes the aid of Beogh against you.
Something writhes in agony!
Reactivating autopickup.
The orc hits you with a +0 flail.
You bump into the rock wall.
The orc hits you with a +0 flail.
You bump into the rock wall.
The orc priest closely misses you. The orc closely misses you.
You closely miss the orc priest.
You claw the orc priest, but do no damage.
The orc priest barely misses you. The orc closely misses you.
The orc priest hits you with a +0 flail.
You closely miss the orc priest. Your kick misses the orc priest.
Your headbutt misses the orc priest.
You feel less confused. The orc hits you with a +0 flail!
The orc priest closely misses you. The orc hits you with a +0 flail.
The orc priest hits you with a +0 flail!
You closely miss the orc priest. Your headbutt misses the orc priest.
The orc barely misses you.
The orc priest hits you with a +0 flail.
The orc hits you with a +0 flail. The orc priest barely misses you.
You closely miss the orc priest. Your kick misses the orc priest.
Your horns disappear.
Your talons disappear.
The orc barely misses you.
The orc priest hits you with a +0 flail.
The orc hits you with a +0 flail!
* * * LOW HITPOINT WARNING * * *
You barely miss the orc priest.
The orc priest calls down the wrath of Beogh upon you.
Beogh smites you!
* * * LOW HITPOINT WARNING * * *
The orc barely misses you.
The orc priest hits you with a +0 flail!
You die...

#.#.#$#
###.#.#.#
#.......##
#........#
.##........#
...........####
#....o........
#.#@# ###
#.##.#o###<#
..........#.#
#####.#.#...#
#.......#
#.......#
#.....#.#
............
########......


You could see an orc priest and an orc.

Vanquished Creatures
  A hound (D:4)
  Jessica (D:2)
  2 hound skeletons (D:4)
  4 gnolls
  7 adders
  A worm (D:2)
  A dart slug (D:1)
  5 orcs
  7 endoplasms
  4 giant cockroaches
  4 goblins
  7 hobgoblins
  6 jackals
  4 quokkas
  3 ball pythons
  4 bats
  2 frilled lizards
  6 kobolds
  5 rats
74 creatures vanquished.

Vanquished Creatures (others)
  An orc wizard (D:5)
1 creature vanquished.

Grand Total: 75 creatures vanquished

Notes
Turn   | Place    | Note
-------+----------+-------------------------------------------
     0 | D:1      | shadowrider38 the Ogre Transmuter began the quest for the
                  | Orb.
     0 | D:1      | Reached XP level 1. HP: 19/19 MP: 3/3
   134 | D:1      | Reached XP level 2. HP: 18/29 MP: 3/5
   306 | D:1      | Found a faded altar of an unknown god.
  1158 | D:2      | Noticed Jessica
  1396 | D:2      | Reached XP level 3. HP: 16/39 MP: 6/6
  1703 | D:2      | Reached skill level 2 in Transmutations
  1745 | D:2      | Killed Jessica
  1746 | D:2      | Reached XP level 4. HP: 24/48 MP: 5/7
  1929 | D:2      | Reached skill level 3 in Transmutations
  2334 | D:2      | Found Nieh's Magic Scroll Emporium.
  3681 | D:3      | Reached XP level 5. HP: 54/54 MP: 8/8
  3853 | D:3      | Reached skill level 4 in Transmutations
  4384 | D:3      | Noticed an ogre
  5354 | D:4      | Reached XP level 6. HP: 33/62 MP: 9/9
  5454 | D:4      | Reached skill level 5 in Transmutations
  5578 | D:5      | Entered Level 5 of the Dungeon
  5753 | D:5      | Slain by an orc priest

Illustrated notes

Levels and vault maps discovered:
D:1:      amcnicky_arrival_flooded_fountain, layout_basic,
          basic_ecumenical_altar, minmay_misc_feat_doors, nrook_campfire,
          lemuel_another_geyser
D:2:      layout_loops_cross, serial_shops, shop, uniq_jessica
D:3:      layout_basic
D:4:      layout_rooms, minmay_temple_entry_enclosed_plants,
          gup_sewer_entry_bubbles
D:5:      minmay_razor_zed, layout_basic,
          nicolae_uskayaw_murder_on_the_dancefloor

Skill      XL: |  1  2  3  4  5  6 |
---------------+-------------------+-----
Fighting       | 2 4 |  4.0
Transmutations | 2 3 4 5 |  5.1
Dodging        | |  1.7
Unarmed Combat | |  2.6
Spellcasting   | |  2.4

Action                   |  1- 3 |  4- 6 || total
-------------------------+-------+-------++-------
Melee: Unarmed           |     9 |       ||     9
       Short sword       |    59 |   100 ||   159
       Kick              |    11 |    37 ||    48
       Headbutt          |     4 |    15 ||    19
       Great sword       |       |    85 ||    85
       Punch             |       |     1 ||     1
       Mace              |       |    19 ||    19
Throw: Dart              |       |     2 ||     2
 Cast: Beastly Appendage |    16 |    33 ||    49
  Use: Scroll            |       |     7 ||     7
Armor: Robe              |    17 |    81 ||    98
Dodge: Dodged            |    33 |   139 ||   172

Table legend: (Time is in decaauts)
 A = Elapsed time spent in this place.
 B = Non-inter-level travel time spent in this place.
 C = Inter-level travel time spent in this place.
 D = Time resting spent in this place.
 E = Time spent auto-exploring this place.
 F = Levels seen in this place.
 G = Mean time per level.
                   A        B        C        D        E       F      G
               +--------+--------+--------+--------+--------+-----+--------+
         Total |   5843 |   5380 |    463 |   1854 |   2373 |   5 | 1168.6 |
       Dungeon |   5843 |   5380 |    463 |   1854 |   2373 |   5 | 1168.6 |
               +--------+--------+--------+--------+--------+-----+--------+

Top non-repeatable levels by time:
     D:2: 1853 daAuts
     D:3: 1776 daAuts
     D:1: 1762 daAuts
     D:4: 268 daAuts
     D:5: 183 daAuts
